 Dungeon Crawl Stone Soup version 0.31-a0-983-g7b6862f502 (webtiles) character file.

Game seed: 6031033644402986957

1 wildpjah the Stinger (level 1, 0/15 HPs)
             Began as a Djinni Fire Elementalist on Nov 2, 2023.
             Slain by a giant cockroach (1 damage)
             ... on level 1 of the Dungeon.
             The game lasted 00:00:25 (20 turns).

wildpjah the Stinger (Djinni Fire Elementalist)       Turns: 20, Time: 00:00:26

Health: 0/15       AC:  2    Str:  7    XL:     1   Next: 22%
Gold:   12         EV: 12    Int: 16    God:
                   SH:  0    Dex: 13

rFire   + + .        (no weapon)
rCold   x . .        (no shield)
rNeg    . . .        a - +0 robe
rPois   ∞            (no helmet)
rElec   .            (no cloak)
rCorr   .            (no gloves)
SInv    .            (boots unavailable)
Will    .....        (no amulet)
Stlth   ++           (no ring)
HPRegen 0.22/turn    (no ring)
MPRegen 0.00/turn

%: infuse magic (-1 HP)
@: flying
A: sickness immunity, fire resistance 2, cold vulnerability 1, float, innate
caster, HP casting, extra vitality 1
a: no special abilities


You were on level 1 of the Dungeon.
You visited 1 branch of the dungeon, and saw 1 of its levels.

You collected 12 gold pieces.

Inventory:

Armour
 a - a +0 robe (worn)


   Skills:
 + Level 2.1 Dodging
 + Level 1.5 Stealth
 + Level 3.0 Spellcasting
 + Level 3.0 Conjurations
 + Level 3.0 Hexes
 + Level 3.0 Summonings
 + Level 3.0 Necromancy
 + Level 3.0 Translocations
 + Level 3.0 Transmutations
 + Level 3.0 Fire Magic
 + Level 3.0 Ice Magic
 + Level 3.0 Air Magic
 + Level 3.0 Earth Magic
 + Level 3.0 Poison Magic


You knew the following spells:

 Your Spells              Type           Power      Damage    Failure   Level
a - Foxfire               Conj/Fire      48%        2x1d6     5%          1
b - Scorch                Fire           24%        2d6       9%          2
c - Volatile Blastmotes   Fire/Tloc      24%        2d12      16%         3
d - Inner Flame           Hex/Fire       12%        N/A       16%         3
e - Flame Wave            Conj/Fire      12%        2d6       47%         4
Your spell library was empty.

Dungeon Overview and Level Annotations

Branches:
Dungeon (1/15)

Altars:


Innate Abilities, Weirdness & Mutations

You are immune to sickness and miasma.
You are immune to poison.
Your flesh is very heat resistant. (rF++)
You are vulnerable to cold. (rC-)
You float through the air rather than walking.
You learn spells naturally, not from books.
Your magical power is your life essence.
You have superior vitality. (+4 MHP)


Message History

Press: ? - help, Q - select action, (/) - cycle Dir - look around, f - activate You conjure some foxfire!
The jackal bites you.
The giant cockroach waves its antennae.
The jackal closely misses you.
Casting: Foxfire (safe; 5% risk of failure)
Press: ? - help, Q - select action, (/) - cycle Dir - look around, f - activate You conjure some foxfire!
* * * LOW HITPOINT WARNING * * *
The jackal bites you but does no damage.
The giant cockroach waves its antennae.
The foxfire hits the jackal.
You kill the jackal!
The foxfire hits the jelly.
The jelly is moderately wounded.
The foxfire hits the jelly.
The jelly is heavily wounded.
Casting: Foxfire (safe; 5% risk of failure)
Press: ? - help, Q - select action, (/) - cycle Dir - look around, f - activate You conjure some foxfire!
* * * LOW HITPOINT WARNING * * *
Casting: Foxfire (safe; 5% risk of failure)
Press: ? - help, Q - select action, (/) - cycle Dir - look around, f - activate You conjure some foxfire!
* * * LOW HITPOINT WARNING * * *
The foxfire hits the giant cockroach but does no damage.
The foxfire hits the giant cockroach.
The giant cockroach is moderately wounded.
The giant cockroach bites you.
* * * LOW HITPOINT WARNING * * *
Casting: Foxfire (safe; 5% risk of failure)
Press: ? - help, Q - select action, (/) - cycle Dir - look around, f - activate You conjure some foxfire!
* * * LOW HITPOINT WARNING * * *
The foxfire hits the jelly.
The jelly is severely wounded.
The foxfire hits the jelly.
The jelly is almost dead.
The giant cockroach bites you.
You die...

###+#######+###
#..⌠§v.>...⌠..#
#..§@v.<......#
+⌠.§.B###....⌠+
#....JJJ......#
#######J#######
#..r .rBB.....#
#......JJ.....#
#.............#
##############


You could see a jelly, 5 endoplasms, 3 giant cockroaches and 2 rats.

Vanquished Creatures
  A jackal (D:1)
1 creature vanquished.

Vanquished Creatures (others)
  18 foxfires (D:1)
18 creatures vanquished.

Grand Total: 19 creatures vanquished

Notes
Turn   | Place    | Note
-------+----------+-------------------------------------------
     0 | D:1      | wildpjah the Djinni Fire Elementalist began the quest for
                  | the Orb.
     0 | D:1      | wildpjah set off with the following spells memorised:
                  | Foxfire, Scorch, Volatile Blastmotes, Inner Flame, Flame
                  | Wave.
     0 | D:1      | Reached XP level 1. HP: 15/15 MP: 0/0
     1 | D:1      | Found a runed translucent door.
     9 | D:1      | Noticed a jelly
    20 | D:1      | Slain by a giant cockroach

Illustrated notes

Levels and vault maps discovered:
D:1:      dpeg_arrival_caged_fury, layout_rooms

Skill      XL: | |
---------------+-+-----
Spellcasting   | |  3.0
Conjurations   | |  3.0
Hexes          | |  3.0
Summonings     | |  3.0
Necromancy     | |  3.0
Translocations | |  3.0
Transmutations | |  3.0
Fire Magic     | |  3.0
Ice Magic      | |  3.0
Air Magic      | |  3.0
Earth Magic    | |  3.0
Poison Magic   | |  3.0
Dodging        | |  2.1
Stealth        | |  1.5

Action                     || total
---------------------------++-------
   Cast: Foxfire           ||    12
 Armour: Robe              ||     5
  Dodge: Dodged            ||     3

Table legend: (Time is in decaauts)
 A = Elapsed time spent in this place.
 B = Non-inter-level travel time spent in this place.
 C = Inter-level travel time spent in this place.
 D = Time resting spent in this place.
 E = Time spent auto-exploring this place.
 F = Levels seen in this place.
 G = Mean time per level.
                   A        B        C        D        E       F      G
               +--------+--------+--------+--------+--------+-----+--------+
         Total |     20 |     20 |      0 |      0 |      1 |   1 |   20.0 |
       Dungeon |     20 |     20 |      0 |      0 |      1 |   1 |   20.0 |
               +--------+--------+--------+--------+--------+-----+--------+

Top non-repeatable levels by time:
     D:1: 20 daAuts
